 Dungeon Crawl Stone Soup version 0.28-a0-1412-gf95308ed99 (webtiles) character file.

Game seed: 17429030104657878208

1850 gimp the Nimble (level 8, 0/62 HPs)
             Began as a Mummy Wanderer on Jan 6, 2022.
             Was a Follower of Okawaru.
             Killed from afar by an orc wizard (9 damage)
             ... with a magic dart
             ... on level 6 of the Dungeon.
             The game lasted 00:14:18 (8854 turns).

gimp the Nimble (Mummy Wanderer)                    Turns: 8854, Time: 00:14:18

Health: 0/62       AC: 10    Str: 13    XL:     8   Next: 88%
Magic:  8/8        EV: 17    Int:  7    God:    Okawaru [*.....]
Gold:   70         SH:  0    Dex: 20    Spells: 7/7 levels left

rFire   x . .      SeeInvis .   b - +2 quarterstaff (chaos)
rCold   + . .      Faith    .   (shield currently unavailable)
rNeg    + + +      Spirit   .   i - +0 leather armour {Will+}
rPois   ∞          Reflect  .   g - +0 helmet
rElec   .          Harm     .   t - +0 cloak
rCorr   .          Rampage  .   j - +0 pair of gloves
Will    +++..                   (no boots)
Stlth   ++........              (no amulet)
HPRegen 0.20/turn               c - ring of willpower
MPRegen 0.11/turn               x - +4 ring of protection

@: no status effects
A: cold resistance 1, negative energy resistance 3, torment resistance 2, heat
vulnerability 1, no potions
a: Renounce Religion, Heroism


You were on level 6 of the Dungeon.
You worshipped Okawaru.
Okawaru was aware of your devotion.
You visited 2 branches of the dungeon, and saw 8 of its levels.
You also visited: Ossuary.

You collected 205 gold pieces.
You spent 135 gold pieces at shops.

Inventory:

Hand Weapons
 a - a +3 quarterstaff
 b - a +2 quarterstaff of chaos (weapon)
 s - a +0 dagger of venom
Missiles
 d - 159 arrows
 q - 5 curare-tipped darts (quivered)
Armour
 g - a +0 helmet (worn)
 i - a +0 leather armour of willpower (worn)
 j - a +0 pair of gloves (worn)
 t - a +0 cloak (worn)
Jewellery
 c - a ring of willpower (left hand)
 k - a ring of protection from cold
 x - a +4 ring of protection (right hand)
Wands
 e - a wand of mindburst (18)
 o - a wand of flame (4)
 r - a wand of paralysis (10)
Scrolls
 f - 2 scrolls of fog
 h - a scroll of blinking
 l - 5 scrolls of teleportation
 m - a scroll of summoning {unknown}
 n - 2 scrolls of identify
 p - 4 scrolls of immolation
 u - a scroll of fear
 v - a scroll of silence {unknown}
 w - a scroll of acquirement {unknown}


   Skills:
 - Level 5.0 Fighting
 * Level 4.7 Staves
 + Level 8.2 Dodging
 - Level 1.5 Stealth


You had 7 spell levels left.
You didn't know any spells.
Your spell library contained the following spells:

 Spells                   Type           Power      Damage    Failure   Level
 Apportation              Tloc           0%         N/A       52%         1
 Animate Skeleton         Necr           Unusable   N/A       N/A         1
 Summon Small Mammal      Summ           Unusable   N/A       N/A         1

Dungeon Overview and Level Annotations

Branches:
Dungeon (7/15)             Temple (1/1) D:4         Ossuary (visited)

Altars:
Ashenzari
Cheibriados
Dithmenos
Elyvilon
Fedhas
Gozag
Hepliaklqana
Kikubaaqudgha
Makhleb
Nemelex Xobeh
Okawaru
Qazlal
Ru
Sif Muna
Trog
Uskayaw
Vehumet
Wu Jian
Xom
Yredelemnul
Zin
The Shining One
Beogh

Shops:
D:1 =   D:3 [   D:4 ?**[(

Annotations:
D:3 exclusion: door


Innate Abilities, Weirdness & Mutations

You are immune to poison.
Your flesh is cold resistant. (rC+)
You are immune to negative energy. (rN+++)
You are immune to unholy pain and torment.
You are vulnerable to heat. (rF-)
You do not drink.


Message History

The orc warrior hits you with a +0 dire flail!
You take 11 damage, and have 45/62 hp.
You hit the orc warrior. You burn the orc warrior.
The orc warrior is severely wounded.
The orc wizard hits you but does no damage.
The orc warrior closely misses you.
You hit the orc warrior.
The orc warrior suddenly seems more agile.
The orc warrior is almost dead.
The orc wizard hits you but does no damage.
The orc warrior hits you with a +0 dire flail!
The orc wizard hits you but does no damage.
You take 14 damage, and have 31/62 hp.
MASSIVE DAMAGE!!
You hit the orc warrior but do no damage.
The orc warrior is almost dead.
The orc warrior hits you with a +0 dire flail.
The orc wizard casts a spell at you. The puff of flame hits you!
The fire burns you terribly!
* * * LOW HITPOINT WARNING * * *
You take 13 damage, and have 18/62 hp.
MASSIVE DAMAGE!!
You miss the orc warrior.
The orc warrior is almost dead.
The orc warrior misses you.
The orc wizard casts a spell.
The orc wizard flickers and vanishes!
Deactivating autopickup; reactivate with Ctrl-A.
You hit the orc warrior but do no damage.
The orc warrior is almost dead.
The orc warrior misses you. Something hits you but does no damage.
The orc warrior barely misses you.
You hit the orc warrior.
The orc warrior flickers and vanishes!
Something hits you but does no damage. Something hits you!
* * * LOW HITPOINT WARNING * * *
You take 11 damage, and have 8/62 hp.
You can't drink.
Unknown command.
Something barely misses you.
A magic dart appears from out of thin air!
The magic dart hits you!
You die...

#........# # #........# #
##+###'####################
#.............>............
#..........................
#..........................
###..........................
#....####'##########.....####
##....#.....@.{....#.o...#..'
#....#............#.....#..#
#....#............'.....#..#
##'###..##...######.....####
#....#..##...##.....#'######
#....#........#.....#.....#.
#....'........#.....#.....'.
#....#........#.....'.....#.
#....#........#.....#.....#.


There were no monsters in sight!

Vanquished Creatures
  A water moccasin (D:5)
  2 black bears (D:5)
  A phantom (D:6)
  A bullfrog (D:7)
  7 scorpions
  A water moccasin skeleton (D:6)
  2 hounds
  A jelly (D:5)
  A gnoll shaman (D:6)
  2 centaur skeletons
  Crazy Yiuf (D:4)
  2 orc priests
  Ijyb (D:4)
  7 orc wizards
  Natasha (twice) (D:4)
  5 iguanas
  A hound skeleton (D:4)
  A howler monkey zombie (D:7)
  A mummy (Ossuary)
  8 adders
  3 gnolls
  A shadow imp (D:5)
  2 white imps (D:6)
  2 worms
  2 dart slugs
  26 orcs
  5 spectral bats (Ossuary)
  2 bat simulacra (Ossuary)
  6 endoplasms
  3 giant cockroaches (D:1)
  12 gnoll zombies (Ossuary)
  3 goblins
  2 hobgoblins (D:4)
  8 jackals
  2 quokkas
  6 ball pythons
  9 bats
  3 frilled lizards
  3 goblin simulacra (Ossuary)
  7 goblin zombies (Ossuary)
  5 hobgoblin zombies (Ossuary)
  4 kobolds
  3 kobold simulacra (Ossuary)
  4 kobold zombies (Ossuary)
  2 orc zombies (Ossuary)
  3 rats
  A rat simulacrum (Ossuary)
  4 spectral goblins (Ossuary)
  2 spectral kobolds (Ossuary)
  3 spectral rats (Ossuary)
186 creatures vanquished.

Vanquished Creatures (others)
  4 fungi (D:4)
4 creatures vanquished.

Grand Total: 190 creatures vanquished

Notes
Turn   | Place    | Note
-------+----------+-------------------------------------------
     0 | D:1      | gimp the Mummy Wanderer began the quest for the Orb.
     0 | D:1      | gimp set off with the following items: a +3 quarterstaff, a
                  | +0 helmet, a +0 leather armour
     0 | D:1      | Reached XP level 1. HP: 18/18 MP: 1/1
   210 | D:1      | Reached XP level 2. HP: 24/24 MP: 2/2
   775 | D:1      | Found a faded altar of an unknown god.
   789 | D:1      | Found Vighanle's Jewellery Emporium.
  1007 | D:2      | Found a blossoming altar of Fedhas.
  1063 | D:2      | Reached XP level 3. HP: 22/30 MP: 3/3
  1551 | D:3      | Found a shimmering blue altar of Sif Muna.
  1816 | D:3      | Reached skill level 5 in Fighting
  1816 | D:3      | Reached XP level 4. HP: 37/39 MP: 4/4
  1869 | D:3      | Reached skill level 2 in Dodging
  1888 | D:3      | HP: 1/39 [kobold (2)]
  1898 | D:3      | HP: 1/39 [kobold/stone (1)]
  2200 | D:2      | Reached XP level 5. HP: 36/44 MP: 5/5
  2263 | D:3      | Reached skill level 3 in Dodging
  3024 | D:3      | Found Jorchol's Antique Armour Shoppe.
  3039 | D:3      | You fall into a shaft and drop 3 floors!
  3083 | D:5      | Entered Level 5 of the Dungeon
  3119 | D:5      | Noticed a black bear
  3367 | D:7      | Reached skill level 4 in Dodging
  3603 | D:7      | Reached XP level 6. HP: 45/51 MP: 6/6
  3740 | D:7      | Noticed an ice beast
  3790 | D:7      | Noticed an orc warrior
  3926 | D:6      | Reached skill level 5 in Dodging
  4010 | D:5      | Reached XP level 7. HP: 52/56 MP: 7/7
  4145 | D:5      | Reached skill level 6 in Dodging
  4870 | D:5      | Reached skill level 7 in Dodging
  5069 | D:6      | Reached XP level 8. HP: 43/62 MP: 8/8
  5323 | D:4      | Found Higon's Magic Scroll Boutique.
  5335 | D:4      | Bought a scroll of magic mapping for 35 gold pieces
  5335 | D:4      | Bought a scroll of teleportation for 30 gold pieces
  5335 | D:4      | Bought a scroll of identify for 20 gold pieces
  5335 | D:4      | Bought a scroll of identify for 20 gold pieces
  5335 | D:4      | Bought a scroll of teleportation for 30 gold pieces
  5406 | D:4      | Found Domn's General Store.
  5462 | D:4      | Found Qoossina's Antique Armour Shoppe.
  5476 | D:4      | Found Erilirgh's Antique Weapon Shop.
  5501 | D:4      | Noticed Ijyb
  5507 | D:4      | Killed Ijyb
  5518 | D:4      | Found a sand-covered staircase.
  5634 | Ossuary  | Entered an ossuary
  6124 | D:4      | Found a staircase to the Ecumenical Temple.
  6131 | Temple   | Entered the Ecumenical Temple
  6449 | Temple   | Became a worshipper of Warmaster Okawaru
  6762 | D:4      | Reached skill level 8 in Dodging
  7229 | D:4      | Noticed Natasha
  7234 | D:4      | Killed Natasha
  7316 | D:4      | Found Gewuer's Assorted Antiques.
  7465 | D:4      | Noticed Natasha
  7470 | D:4      | Killed Natasha
  7623 | D:4      | Found a runed translucent door.
  7624 | D:4      | Noticed Crazy Yiuf
  7633 | D:4      | Killed Crazy Yiuf
  8336 | D:6      | Reached * piety under Okawaru
  8854 | D:6      | Killed from afar by an orc wizard

Illustrated notes

Levels and vault maps discovered:
D:1:      shiori_angband_town, layout_basic, serial_shops, nicolae_diamond_shop,
          hellmonk_ecumenical_altar_defaced_shrine,
          hangedman_abyss_or_decor_stabs
D:2:      layout_basic, basic_altar
D:3:      layout_loops_ring, led_sif_book, serial_shops,
          nicolae_shop_statue_plus
D:4:      old_forge, layout_loops_cross, minmay_temple_entry_mist,
          nicolae_ossuary_entry_plus, serial_shops, nicolae_shop_trees, shop,
          nicolae_diamond_shop, nicolae_shop_behind_doors, shop_statue,
          uniq_natasha, uniq_ijyb, uniq_crazy_yiuf_cottage
D:5:      layout_gridville
D:6:      layout_gridville, grunt_decor_mini_mirrors
D:7:      layout_basic, serial_shops, nicolae_square_shop
Temple:   regret_index_temple_sigil_plot

Skill      XL: |  1  2  3  4  5  6  7  8 |
---------------+-------------------------+-----
Fighting       | 4 5 |  5.0
Dodging        | 2 4 5 7 8 |  8.2
Staves         | 4 |  4.7
Stealth        | |  1.5

Action                   |  1- 3 |  4- 6 |  7- 9 || total
-------------------------+-------+-------+-------++-------
Melee: Quarterstaff      |    61 |   144 |   385 ||   590
       Dagger            |       |     4 |    28 ||    32
Evoke: Wand              |       |       |     6 ||     6
  Use: Scroll            |       |       |     6 ||     6
 Stab: Sleeping          |     1 |     2 |     4 ||     7
       Paralysed         |       |       |     4 ||     4
       Confused          |       |       |     2 ||     2
Armor: Leather armour    |    12 |    34 |    98 ||   144
       Ring mail         |     9 |    39 |       ||    48
Dodge: Dodged            |    38 |   113 |   352 ||   503

Table legend: (Time is in decaauts)
 A = Elapsed time spent in this place.
 B = Non-inter-level travel time spent in this place.
 C = Inter-level travel time spent in this place.
 D = Time resting spent in this place.
 E = Time spent auto-exploring this place.
 F = Levels seen in this place.
 G = Mean time per level.
                   A        B        C        D        E       F      G
               +--------+--------+--------+--------+--------+-----+--------+
         Total |   8958 |   8679 |    279 |   1674 |   4830 |   9 |  995.3 |
       Dungeon |   8136 |   7931 |    205 |   1674 |   4380 |   7 | 1162.3 |
        Temple |    336 |    262 |     74 |      0 |    241 |   1 |  336.0 |
       Ossuary |    484 |    484 |      0 |      0 |    209 |   1 |  484.0 |
               +--------+--------+--------+--------+--------+-----+--------+

Top non-repeatable levels by time:
     D:6: 1820 daAuts
     D:4: 1616 daAuts
     D:2: 1273 daAuts
     D:3: 1060 daAuts
     D:1: 966 daAuts
     D:5: 815 daAuts
     D:7: 583 daAuts
 Ossuary: 484 daAuts
  Temple: 336 daAuts
